 Dungeon Crawl Stone Soup version 0.29-a0-892-g2c4c91d9db (webtiles) character file.

Game seed: 18174120855686993328

673 xian the Covert (level 7, -2/56 HPs)
             Began as a Gnoll Brigand on July 23, 2022.
             Was an Initiate of Dithmenos.
             Slain by an ogre
             ... wielding a +0 giant spiked club
              (10 damage)
             ... on level 4 of the Dungeon.
             The game lasted 00:11:38 (4418 turns).

xian the Covert (Gnoll Brigand)                     Turns: 4418, Time: 00:11:38

Health: -2/56      AC:  7    Str: 11    XL:     7   Next: 59%
Magic:  11/11      EV: 13    Int: 10    God:    Dithmenos [......]
Gold:   169        SH:  0    Dex: 15    Spells: 9/11 levels left

rFire   . . .      SeeInvis .   n - +2 dagger (drain)
rCold   . . .      Faith    .   (no shield)
rNeg    . . .      Spirit   .   a - +0 leather armour
rPois   .          Reflect  .   (no helmet)
rElec   .          Harm     .   q - +2 cloak
rCorr   .          Rampage  .   (no gloves)
Will    .....                   f - +0 pair of boots
Stlth   ++++......              b - amulet of regeneration
HPRegen 0.98/turn               (no ring)
MPRegen 0.12/turn               (no ring)

@: no status effects
A: fangs 1, strong nose, distributed training
a: Renounce Religion


You were on level 4 of the Dungeon.
You worshipped Dithmenos.
Dithmenos was noncommittal.
You visited 2 branches of the dungeon, and saw 5 of its levels.

You collected 169 gold pieces.

Inventory:

Hand Weapons
 i - a +4 dagger
 m - the +3 mace of Qelotrux {distort, Drain rElec rN+++ Dex+4}
   (You found it on level 3 of the Dungeon)

   It warps and distorts space around it, and may blink, banish, or inflict
   extra damage upon those it strikes.
   Unwielding it can cause banishment or high damage.
   Dex:       It affects your dexterity (+4).
   rElec:     It insulates you from electricity.
   rN:        It renders you almost immune to negative energy.
   Drain:     It drains your maximum health when unequipped.
 n - a +2 dagger of draining (weapon)
Missiles
 d - 13 poisoned darts (quivered)
 e - 3 curare-tipped darts
Armour
 a - a +0 leather armour (worn)
 f - a +0 pair of boots (worn)
 q - a +2 cloak (worn)
Jewellery
 b - an amulet of regeneration (around neck)
Wands
 p - a wand of flame (15)
Scrolls
 h - a scroll of magic mapping {unknown}
 r - 2 scrolls of butterflies
Potions
 c - a potion of heal wounds
 g - a potion of berserk rage
 j - a potion of flight {unknown}
 k - 2 potions of curing {unknown}
 l - a potion of might {unknown}
 o - a potion of brilliance {unknown}
 s - a potion of lignification {unknown}


   Skills:
 + Level 5.3 Fighting
 + Level 5.3 Short Blades
 + Level 2.7 Long Blades
 + Level 2.7 Axes
 + Level 2.7 Maces & Flails
 + Level 2.7 Polearms
 + Level 2.7 Staves
 + Level 2.7 Ranged Weapons
 + Level 5.3 Throwing
 + Level 2.7 Armour
 + Level 3.8 Dodging
 + Level 8.3 Stealth
 + Level 2.7 Shields
 + Level 2.7 Unarmed Combat
 + Level 2.7 Spellcasting
 + Level 2.2 Conjurations
 + Level 2.2 Hexes
 + Level 2.2 Summonings
 + Level 2.2 Necromancy
 + Level 2.2 Translocations
 + Level 2.2 Transmutations
 + Level 2.2 Fire Magic
 + Level 2.2 Ice Magic
 + Level 2.2 Air Magic
 + Level 2.2 Earth Magic
 + Level 2.2 Poison Magic
 + Level 3.0 Invocations
 + Level 2.7 Evocations


You had 9 spell levels left.
You knew the following spells:

 Your Spells              Type           Power      Damage    Failure   Level
a - Blink                 Tloc           10%        N/A       22%         2

Your spell library contained the following spells:

 Spells                   Type           Power      Damage    Failure   Level
 Frozen Ramparts          Ice            10%        1d3       41%         3
 Lesser Beckoning         Tloc           5%         N/A       41%         3
 Ice Form                 Ice/Tmut       5%         N/A       83%         4
 Summon Ice Beast         Ice/Summ       5%         N/A       83%         4
 Manifold Assault         Tloc           5%         N/A       99%         5


Dungeon Overview and Level Annotations

Branches:
Dungeon (4/15)             Temple (1/1) D:4

Altars:
Ashenzari
Cheibriados
Dithmenos
Fedhas
Gozag
Makhleb
Nemelex Xobeh
Okawaru
Qazlal
Ru
Sif Muna
Trog
Uskayaw
Vehumet
Wu Jian
Yredelemnul
The Shining One

Shops:
D:1 *


Innate Abilities, Weirdness & Mutations

You have very sharp teeth.
Your uncanny sense of smell can sniff out nearby items.
Your experience applies equally to all skills.


Message History

The phantom is almost destroyed.
The phantom misses you.
You barely miss the phantom.
The phantom is almost destroyed.
The phantom closely misses you.
You miss the phantom. Your bite misses the phantom.
The phantom is almost destroyed.
You hit the phantom.
The phantom is almost destroyed.
The phantom misses you.
You closely miss the phantom.
The phantom is almost destroyed.
The phantom misses you.
You closely miss the phantom.
The phantom is almost destroyed.
You hit the phantom.
You destroy the phantom!
Dithmenos accepts your kill.
Your Invocations skill increases to level 3!
Magic restored.
There is an open door here.
There is an open door here.
There is an open door here.
There is an open door here.
There is an escape hatch in the floor here.
The ogre shouts!
The ogre hits you with a +0 giant spiked club!!!
Ouch! That really hurt!
You hit the ogre.
The ogre is lightly wounded.
You hit the ogre.
The ogre is lightly wounded.
The ogre hits you with a +0 giant spiked club!
* * * LOW HITPOINT WARNING * * *
You hit the ogre. You drain the ogre.
The ogre is heavily wounded.
You hit the ogre. You bite the ogre.
The ogre is severely wounded.
The ogre hits you with a +0 giant spiked club!
You die...

.##.# #.....#.# ###
.##.###.#####.####.##
###.##.#>###...##.#.##
###.#.###.#.###..###.##
.....## ##..##.....##.#
###.## #####.########
####.## #...#.#.#
..##..## #..#..#.##
#.##.#.## #..###@)#.#
#.......##..##.##O.##
#..######..# ...##..#
######## ...#....#.#
.!. ##.# ####......#
#.....###..# g.F##K.#
#....####+#
##.#...###..##.##W.##
#.##.+..... ##...#..#
#..#.#§.#.###.####.♣...
####....#
#.....#.##.....##.♣._.
# #....#
#.#...#.#.###.#.##.♣...


You could see an ogre (drained).

Vanquished Creatures
  Sigmund (D:4)
  A phantom (D:4)
  A scorpion (D:4)
  An orc priest (D:4)
  Crazy Yiuf (D:2)
  An iguana (D:4)
  Ijyb (D:4)
  2 orc wizards
  7 gnolls (D:3)
  5 adders (D:2)
  2 worms (D:3)
  2 dart slugs
  6 orcs
  7 ball pythons
  2 bats
  9 endoplasms
  4 giant cockroaches
  6 goblins
  10 hobgoblins
  14 jackals
  2 kobolds
  4 quokkas
  8 rats
97 creatures vanquished.

Notes
Turn   | Place    | Note
-------+----------+-------------------------------------------
     0 | D:1      | xian the Gnoll Brigand began the quest for the Orb.
     0 | D:1      | Reached XP level 1. HP: 20/20 MP: 1/1
   143 | D:1      | Reached XP level 2. HP: 18/26 MP: 2/2
   554 | D:1      | Found Juecobynk's Assorted Antiques.
   604 | D:1      | Reached XP level 3. HP: 28/31 MP: 3/3
   790 | D:1      | Found a faded altar of an unknown god.
   914 | D:1      | Reached skill level 1 in Invocations
  1384 | D:2      | Reached skill level 1 in Long Blades
  1384 | D:2      | Reached skill level 1 in Axes
  1384 | D:2      | Reached skill level 1 in Maces & Flails
  1384 | D:2      | Reached skill level 1 in Polearms
  1384 | D:2      | Reached skill level 1 in Staves
  1384 | D:2      | Reached skill level 1 in Ranged Weapons
  1384 | D:2      | Reached skill level 1 in Armour
  1384 | D:2      | Reached skill level 1 in Shields
  1384 | D:2      | Reached skill level 1 in Unarmed Combat
  1384 | D:2      | Reached skill level 1 in Spellcasting
  1384 | D:2      | Reached skill level 1 in Evocations
  1479 | D:2      | Reached XP level 4. HP: 38/38 MP: 5/5
  1697 | D:2      | Reached skill level 1 in Conjurations
  1697 | D:2      | Reached skill level 1 in Hexes
  1697 | D:2      | Reached skill level 1 in Summonings
  1697 | D:2      | Reached skill level 1 in Necromancy
  1697 | D:2      | Reached skill level 1 in Translocations
  1697 | D:2      | Reached skill level 1 in Transmutations
  1697 | D:2      | Reached skill level 1 in Fire Magic
  1697 | D:2      | Reached skill level 1 in Ice Magic
  1697 | D:2      | Reached skill level 1 in Air Magic
  1697 | D:2      | Reached skill level 1 in Earth Magic
  1697 | D:2      | Reached skill level 1 in Poison Magic
  1946 | D:2      | Found a runed translucent door.
  1947 | D:2      | Noticed Crazy Yiuf
  1958 | D:2      | Killed Crazy Yiuf
  1959 | D:2      | Reached XP level 5. HP: 12/43 MP: 5/7
  2674 | D:3      | Reached skill level 8 in Stealth
  2702 | D:3      | Found an ornate altar of the Wu Jian Council.
  2709 | D:3      | Identified the +3 mace of Qelotrux {distort, Drain rElec
                  | rN+++ Dex+4}
  2756 | D:3      | Found an iron altar of Okawaru.
  3059 | D:3      | Reached XP level 6. HP: 50/50 MP: 8/8
  3114 | D:3      | Found a blossoming altar of Fedhas.
  3546 | D:4      | Learned a level 2 spell: Blink
  3564 | D:4      | Reached skill level 5 in Fighting
  3564 | D:4      | Reached skill level 5 in Short Blades
  3564 | D:4      | Reached skill level 5 in Throwing
  3628 | D:4      | Found a staircase to the Ecumenical Temple.
  3648 | Temple   | Entered the Ecumenical Temple
  3685 | Temple   | Became a worshipper of Dithmenos the Shadowed
  3701 | D:4      | Noticed Ijyb
  3708 | D:4      | Killed Ijyb
  3732 | D:4      | Found a snail-covered altar of Cheibriados.
  3989 | D:4      | Noticed Sigmund
  4003 | D:4      | Killed Sigmund
  4004 | D:4      | Reached XP level 7. HP: 53/56 MP: 10/10
  4089 | D:4      | Found an opulent altar of Gozag.
  4139 | D:4      | Found a bloodstained altar of Trog.
  4418 | D:4      | Slain by an ogre

Illustrated notes

Levels and vault maps discovered:
D:1:      sevenhm_arrival_forest_fort_small_5, layout_loops_ring,
          hellmonk_ecumenical_altar_crossroads, serial_shops, shop
D:2:      layout_loops_cross, uniq_crazy_yiuf_cottage
D:3:      layout_basic, nzn_wu_jian_council_hall,
          mainiacjoe_overflow_concentric_impassable, fedhas_ov_isle_minmay,
          interstate_on_off
D:4:      minmay_diamond_boxcup, layout_loops_cross,
          mainiacjoe_overflow_six_doors_small, mainiacjoe_overflow_24_doors,
          mainiacjoe_overflow_cross_hatched, minmay_temple_entry_arrows,
          kennysheep_doodads, minmay_surrounded, uniq_sigmund, uniq_ijyb
Temple:   nicolae_temple_x_marks_the_god

Skill      XL: |  1  2  3  4  5  6  7 |
---------------+----------------------+-----
Invocations    | 1 2 3 |  3.0
Long Blades    | 1 2 |  2.7
Axes           | 1 2 |  2.7
Maces & Flails | 1 2 |  2.7
Polearms       | 1 2 |  2.7
Staves         | 1 2 |  2.7
Ranged Weapons | 1 2 |  2.7
Armour         | 1 2 |  2.7
Shields        | 1 2 |  2.7
Unarmed Combat | 1 2 |  2.7
Spellcasting   | 1 2 |  2.7
Evocations     | 1 2 |  2.7
Conjurations   | 1 2 |  2.2
Hexes          | 1 2 |  2.2
Summonings     | 1 2 |  2.2
Necromancy     | 1 2 |  2.2
Translocations | 1 2 |  2.2
Transmutations | 1 2 |  2.2
Fire Magic     | 1 2 |  2.2
Ice Magic      | 1 2 |  2.2
Air Magic      | 1 2 |  2.2
Earth Magic    | 1 2 |  2.2
Poison Magic   | 1 2 |  2.2
Dodging        | 3 |  3.8
Stealth        | 8 |  8.3
Fighting       | 5 |  5.3
Short Blades   | 5 |  5.3
Throwing       | 5 |  5.3

Action                   |  1- 3 |  4- 6 |  7- 9 || total
-------------------------+-------+-------+-------++-------
Melee: Dagger            |   123 |   164 |    50 ||   337
       Bite              |     9 |    16 |     4 ||    29
       Punch             |     4 |     8 |     1 ||    13
Throw: Dart              |       |     5 |     9 ||    14
 Cast: Blink             |       |     2 |       ||     2
  Use: Scroll            |     3 |     5 |       ||     8
       Potion            |       |     1 |       ||     1
 Stab: Sleeping          |     8 |    12 |     1 ||    21
Armor: Robe              |    28 |       |       ||    28
       Leather armour    |     1 |    32 |    10 ||    43
Dodge: Dodged            |    50 |    92 |    39 ||   181

Table legend: (Time is in decaauts)
 A = Elapsed time spent in this place.
 B = Non-inter-level travel time spent in this place.
 C = Inter-level travel time spent in this place.
 D = Time resting spent in this place.
 E = Time spent auto-exploring this place.
 F = Levels seen in this place.
 G = Mean time per level.
                   A        B        C        D        E       F      G
               +--------+--------+--------+--------+--------+-----+--------+
         Total |   4336 |   4245 |     91 |     32 |   3182 |   5 |  867.2 |
       Dungeon |   4291 |   4206 |     85 |     32 |   3156 |   4 | 1072.8 |
        Temple |     44 |     38 |      6 |      0 |     26 |   1 |   44.0 |
               +--------+--------+--------+--------+--------+-----+--------+

Top non-repeatable levels by time:
     D:1: 1361 daAuts
     D:3: 1112 daAuts
     D:2: 1005 daAuts
     D:4: 811 daAuts
  Temple: 44 daAuts
